 Dungeon Crawl Stone Soup version 0.17-a0-1132-g5dd4065 (webtiles) character file.

343 Engwar the Ruffian (level 6, -1/37 HPs)
             Began as a Gargoyle Monk on May 25, 2015.
             Slain by a black bear (9 damage)
             ... on level 4 of the Dungeon.
             The game lasted 00:13:02 (2815 turns).

Engwar the Ruffian (Gargoyle Monk)                  Turns: 2815, Time: 00:13:02

Health: -1/37      AC: 10    Str: 15      XL:     6   Next: 57%
Magic:  6/6        EV:  7    Int: 12      God:
Gold:   172        SH:  0    Dex: 10 (12) Spells: 0 memorised, 5 levels left

rFire  . . .     SeeInvis .       - Unarmed
rCold  . . .     Clarity  .     g - +0 leather armour
rNeg   + . .     SustAt   .     (no shield)
rPois  ∞         Gourm    .     j - +0 helmet (curse)
rElec  +         Spirit   .     (no cloak)
rCorr  .         Warding  .     a - +0 pair of gloves
rMut   .         Stasis   .     n - +0 pair of boots
MR     .....                    (no amulet)
Stlth  ++........               (no ring)
                                (no ring)

@: not resistant to hostile enchantments, unstealthy
A: negative energy resistance 1, electricity resistance, unbreathing,
petrification resistance, rot immunity, AC +4
a: no special abilities


You were on level 4 of the Dungeon.
You were not hungry.

You visited 1 branch of the dungeon, and saw 4 of its levels.

You collected 172 gold pieces.


Innate Abilities, Weirdness & Mutations

You are resistant to torment.
Your stone body is resilient (AC +4).
You are immune to poison.
You resist negative energy.
You are resistant to electric shocks.
You can survive without breathing.
You are immune to petrification.
You are immune to rotting.


   Skills:
 - Level 3.2 Fighting
 + Level 2.2 Throwing
 - Level 2.4 Dodging
 - Level 2.1 Stealth
 + Level 7.2 Unarmed Combat


You had 5 spell levels left.
You didn't know any spells.

Inventory:

Hand weapons
 b - a +0 blowgun
Missiles
 i - 4 poisoned needles
Armour
 a - a +0 pair of gloves (worn)
 g - a +0 leather armour (worn)
 j - a cursed +0 helmet (worn)
 n - a +0 pair of boots (worn)
Magical devices
 m - a wand of confusion (13)
Scrolls
 c - 4 scrolls of identify
 d - 2 scrolls of remove curse
Potions
 k - 2 potions of magic
 l - a potion of brilliance
Comestibles
 e - 7 bread rations
 f - 7 fruits
 h - 3 chunks of flesh

{@*1} ..####
##.....########
#..............#..
#.................#
#..............#
#£££...........#
#£_£.......h9..#
#£££.......Sb..#
#..............#
#........l....##
#....£.......##
##..###.######
#.....#
........h..#
...>........#


You could see a black bear (berserk), an iguana, a bat and a ball python.


Message History

You are too injured to fight recklessly!
You are too injured to fight recklessly!
You are too injured to fight recklessly!
You are too injured to fight recklessly!
You are too injured to fight recklessly!
The bat closely misses you.
The black bear goes berserk!
The bat barely misses you. The bat closely misses you.
The bat hits you but does no damage. The bat closely misses you.
The ball python barely misses you. The ball python grabs you.
The ball python constricts you.
You escape the ball python's grasp.
The bat barely misses you.
The black bear rages.
There is a stone staircase leading up here.
The bat hits you but does no damage. The bat barely misses you.
The black bear bites you.
* * * LOW HITPOINT WARNING * * *
The black bear barely misses you.
The black bear claws you but does no damage.
The ball python bites you but does no damage.
The ball python grabs you.
You stop ascending the stairs.
The ball python constricts you.
Unknown command.
Unknown command.
Unknown command.
Unknown command.
Unknown command.
You escape the ball python's grasp.
The bat hits you but does no damage. The black bear bites you!
You die...

Action                   |  1- 3 |  4- 6 || total
-------------------------+-------+-------++-------
Melee: Unarmed           |   116 |   233 ||   349
Evoke: Wand              |     2 |     1 ||     3
  Use: Potion            |     2 |     2 ||     4
       Scroll            |       |    10 ||    10
 Stab: Sleeping          |     5 |       ||     5
       Confused          |       |     2 ||     2
       Distracted        |       |     1 ||     1
  Eat: Chunk             |       |     5 ||     5
       Beef jerky        |       |     1 ||     1

Vault maps used:
D:1:      evilmike_arrival_rings, corexii_hall_statues_i, serial_bayou_pond_e
D:2:      uniq_natasha, uniq_jessica
D:3:      first_bread, uniq_robin, uniq_grinder
D:4:      nicolae_gozag_seed_capital, gammafunk_temple_overflow_wave,
          minmay_temple_entry_fiery, elyvilon_altar_5

Notes
Turn   | Place    | Note
--------------------------------------------------------------
     0 | D:1      | Engwar the Gargoyle Monk began the quest for the Orb.
     0 | D:1      | Reached XP level 1. HP: 14/14 MP: 1/1
   248 | D:1      | Reached XP level 2. HP: 16/19 MP: 2/2
   626 | D:2      | Reached XP level 3. HP: 23/23 MP: 3/3
   635 | D:2      | Noticed Jessica
   683 | D:2      | Reached skill level 5 in Unarmed Combat
   966 | D:2      | Noticed Natasha
  1010 | D:2      | Killed Natasha
  1010 | D:2      | Reached XP level 4. HP: 10/28 MP: 4/4
  1420 | D:2      | Noticed Natasha
  1536 | D:2      | Killed Jessica
  1536 | D:2      | Reached skill level 6 in Unarmed Combat
  1551 | D:2      | Killed Natasha
  1570 | D:2      | Reached XP level 5. HP: 25/32 MP: 5/5
  1914 | D:3      | Noticed Grinder
  2522 | D:3      | Reached skill level 1 in Throwing
  2582 | D:3      | Noticed Robin
  2609 | D:3      | Killed Robin
  2609 | D:3      | Reached XP level 6. HP: 27/37 MP: 6/6
  2759 | D:3      | Reached skill level 7 in Unarmed Combat
  2787 | D:4      | Reached skill level 2 in Throwing
  2797 | D:4      | Found an opulent altar of Gozag.
  2815 | D:4      | Slain by a black bear

Vanquished Creatures
  A scorpion (D:4)
  2 orc wizards (D:3)
  A hound (D:4)
  Jessica (D:2)
  Natasha (twice) (D:2)
  A worker ant (D:3)
  Robin (D:3)
  2 adders
  An ooze (D:2)
  3 worms
  2 giant geckos (D:2)
  7 orcs (D:3)
  4 bats
  2 giant cockroaches
  9 goblins
  12 hobgoblins
  6 jackals
  8 kobolds
  2 quokkas (D:2)
  2 ball pythons
  3 giant newts (D:1)
  A jackal skeleton (D:4)
  8 rats
81 creatures vanquished.
